 Dungeon Crawl Stone Soup version 0.30-a0-358-g0d69a1922f (webtiles) character file.

Game seed: 3768766169682842772

7718 ytrimaz the Severer (level 11, -7/71 HPs)
             Began as a Formicid Fighter on Nov 10, 2022.
             Was a Priest of Hepliaklqana.
             Mangled by a catoblepas (14 damage)
             ... while petrified by a catoblepas
             ... on level 8 of the Dungeon.
             The game lasted 00:13:30 (8887 turns).

ytrimaz the Severer (Formicid Fighter)              Turns: 8887, Time: 00:13:31

Health: -7/71      AC: 15    Str: 32    XL:     11   Next: 42%
Magic:  11/11      EV:  2    Int:  7    God:    Hepliaklqana [***...]
Gold:   2364       SH:  0    Dex: 13    Spells: 10/10 levels left

rFire   + + +      SeeInvis +    a - +1 war axe
rCold   + . .      Faith    .    c - +0 buckler
rNeg    + + +      Spirit   .    M - +0 plate armour
rPois   ∞          Reflect  .    (helmet unavailable)
rElec   .          Harm     .    (no cloak)
rCorr   .          Rampage  .    h - +1 pair of gloves
Will    +....                    p - +0 pair of boots of the Lion {rC+}
Stlth   ..........               s - amulet "Batuneot" {RegenMP rPois Str+2 Dex+4}
HPRegen 0.31/turn                j - ring of wizardry
MPRegen 0.52/turn                r - ring of Ronuymohe {rF+++ EV+4 Str+4 Dex-4}

@: petrified
A: reduced essence, permanent stasis, dig shafts and tunnels, antennae 3, four
strong arms
a: Dig, Shaft Self, Renounce Religion, Recall Ancestor, Ancestor Identity,
Transference


You were on level 8 of the Dungeon.
You worshipped Hepliaklqana.
Hepliaklqana was most pleased with you.
You visited 2 branches of the dungeon, and saw 10 of its levels.
You also visited: Sewer.

You collected 2364 gold pieces.


Innate Abilities, Weirdness & Mutations

Your life essence is reduced to manifest your ancestor. (-10% HP)
You cannot be hasted, slowed, berserked, paralysed or teleported.
You can dig through walls and to a lower floor.
You have a pair of large antennae on your head. (SInv)
Your four strong arms can wield two-handed weapons with a shield.


   Skills:
 + Level 5.1 Fighting
 - Level 16.0 Axes
 - Level 0.2(10.3) Maces & Flails
 + Level 5.1 Armour
 - Level 4.0 Shields


You had 10 spell levels left.
You didn't know any spells.
Your spell library contained the following spells:

 Spells                   Type           Power      Damage    Failure   Level
 Magic Dart               Conj           0%         1d3       86%         1
 Shock                    Conj/Air       0%         1d3       86%         1
 Summon Small Mammal      Summ           0%         N/A       86%         1
 Call Imp                 Summ           0%         N/A       94%         2
 Call Canine Familiar     Summ           0%         N/A       99%         3
 Gell's Gravitas          Tloc           0%         N/A       99%         3
 Lesser Beckoning         Tloc           0%         N/A       99%         3
 Mephitic Cloud           Conj/Pois/Air  0%         N/A       99%         3
 Portal Projectile        Hex/Tloc       0%         N/A       99%         3
 Summon Guardian Golem    Hex/Summ       0%         N/A       99%         3
 Teleport Other           Tloc           0%         N/A       99%         3
 Tukima's Dance           Hex            0%         N/A       99%         3
 Airstrike                Air            0%         2d(0-16)  100%        4
 Blade Hands              Tmut           0%         N/A       100%        5
 Swiftness                Air            Unusable   N/A       N/A         3

Inventory:

Hand Weapons
 a - a +1 war axe (weapon)
 l - a +3 battleaxe
   (You took it off a wight on level 7 of the Dungeon)
 u - a +1 vorpal hand axe
   (You took it off a gnoll on level 3 of the Dungeon)
 I - the +8 frozen axe "Frostbite" {freezing cloud, *Noise Fly rC+}
   (You found it on level 7 of the Dungeon)

   It freezes those it strikes, dealing additional cold damage.
   It can also slow down cold-blooded creatures.
   It occasionally leaves clouds of freezing vapour upon striking a foe.
   It grants immunity to clouds of freezing vapour.
   rC:        It protects you from cold.
   Fly:       It grants you flight.
   *Noise:    It may make noises in combat.
Missiles
 o - 3 throwing nets
 t - 47 poisoned darts (quivered)
Armour
 c - a +0 buckler (worn)
 h - a +1 pair of gloves (worn)
   (You found it on level 1 of the Dungeon)
 p - the +0 pair of boots of the Lion (worn) {rC+}
   (You acquired it on level 4 of the Dungeon)

   rC:        It protects you from cold.
 M - a +0 plate armour (worn)
   (You took it off an orc warrior on level 8 of the Dungeon)
Jewellery
 d - a +6 ring of intelligence
   (You found it on level 6 of the Dungeon)
 j - a ring of wizardry (left hand)
   (You found it on level 2 of the Dungeon)
 n - a +6 ring of intelligence
   (You found it on level 2 of the Dungeon)
 r - the ring of Ronuymohe (right hand) {rF+++ EV+4 Str+4 Dex-4}
   (You acquired it on level 2 of the Dungeon)

   [ring of evasion]

   EV:        It affects your evasion (+4).
   Str:       It affects your strength (+4).
   Dex:       It affects your dexterity (-4).
   rF:        It renders you almost immune to fire.
 s - the amulet "Batuneot" (around neck) {RegenMP rPois Str+2 Dex+4}
   (You acquired it on level 2 of the Dungeon)

   [amulet of magic regeneration]

   It increases your rate of magic regeneration.
   Str:       It affects your strength (+2).
   Dex:       It affects your dexterity (+4).
   rPois:     It protects you from poison.
Wands
 y - a wand of iceblast (6)
   (You took it off Ijyb on level 4 of the Dungeon)
 H - a wand of flame (47)
   (You found it on level 7 of the Dungeon)
Scrolls
 g - 4 scrolls of enchant armour
 q - 2 scrolls of poison
 v - 2 scrolls of enchant weapon
 w - 3 scrolls of noise
 C - a scroll of magic mapping
 G - a scroll of torment {unknown}
 K - a scroll of brand weapon {unknown}
 L - 2 scrolls of teleportation {unknown}
Potions
 e - a potion of magic
 f - 3 potions of flight {unknown}
 i - 8 potions of curing
 k - 3 potions of heal wounds
 x - 2 potions of cancellation {unknown}
 z - 3 potions of resistance
 A - a potion of mutation {unknown}
 B - a potion of invisibility {unknown}
 D - 2 potions of brilliance
 E - a potion of attraction {unknown}
 F - a potion of berserk rage {unknown}

Dungeon Overview and Level Annotations

Branches:
Dungeon (9/15) Zot: 25743  Temple (1/1) D:4 Zot: 5887   Sewer (visited)
   Lair: D:8-11         Orc: D:9-12

Altars:
Ashenzari
Cheibriados
Dithmenos
Elyvilon
Fedhas
Gozag
Hepliaklqana
Kikubaaqudgha
Nemelex Xobeh
Okawaru
Qazlal
Sif Muna
Trog
Vehumet
Wu Jian
Xom
Yredelemnul
Zin
The Shining One

Shops:
D:5 :

Annotations:
D:3 1 runed translucent door

#.....# # #.....#
######## #.....#
####..##>.. #8.©.8#
##.......... #######
#........... #8.©.8#
#........... #.....#
##........... #..>R.#
#............ #.)Y@.#
###.........# #8.©.8#
##......... #######
#.###..... #8.©.8#
####.##...... #.....#
#.#..........
#.....###............
#.....##...........#.
#.....##.............
#.....###............


You could see the friendly Ilshubani the hexer and a catoblepas (ally target).


Message History

😮 HP[+1] Unknown command.
Press: ? - help, v - describe, . - travel
Here: a catoblepas (heavily wounded)
The floor, spattered with blood.
Unknown command.
You slash the catoblepas!
Unknown command.
You barely miss the catoblepas. The catoblepas barely misses you.
Unknown command.
The catoblepas breathes a plume of calcifying dust at you.
The blast of calcifying dust hits you but does no damage.
Things that are here:
a +0 leather armour; a +0 hand axe You slash the catoblepas!
You are engulfed in calcifying dust.
You are slowing down.
The catoblepas gores you. 😮 HP[+1] Unknown command.
Unknown command.
Okay, then.
Unknown command.
You feel much better.
You are engulfed in calcifying dust.
The catoblepas closely misses you.
Your limbs are stiffening. 😎 HP[+20]
Your hp is fully restored (71).
You hit the catoblepas but do no damage.
You are engulfed in calcifying dust.
Your limbs have turned to stone.
The catoblepas gores you but does no damage.
You have turned to stone.
You are engulfed in calcifying dust.
The catoblepas gores you.
You are engulfed in calcifying dust.
The catoblepas breathes a plume of calcifying dust at you.
The blast of calcifying dust hits you.
The catoblepas breathes a plume of calcifying dust at you.
The blast of calcifying dust hits you but does no damage.
You are engulfed in calcifying dust.
The catoblepas gores you!!
You are engulfed in calcifying dust.
The catoblepas gores you.
You are engulfed in calcifying dust.
The catoblepas gores you!
You are engulfed in calcifying dust.
The catoblepas gores you!
You are engulfed in calcifying dust.
The catoblepas gores you!!
You turn to flesh and can move again. 😮 HP[-33]
You take 33 damage, and now have 38/71 hp.
MASSIVE DAMAGE!! (PAUSE) Unknown command.
The catoblepas gores you.
* * * LOW HITPOINT WARNING * * *
There is a stone staircase leading down here. 😨 HP[-5]
You take 5 damage, and now have 33/71 hp.
Unknown command.
You hit the catoblepas but do no damage.
The catoblepas breathes a plume of calcifying dust at you.
The blast of calcifying dust hits you but does no damage.
You hit the catoblepas.
You are engulfed in calcifying dust.
You are slowing down.
The catoblepas breathes a plume of calcifying dust at you.
The blast of calcifying dust hits you but does no damage. 😨 HP[+1]
You hit the catoblepas but do no damage.
You are engulfed in calcifying dust.
The catoblepas gores you.
Your limbs are stiffening.
The catoblepas breathes a plume of calcifying dust at you.
The blast of calcifying dust hits you but does no damage.
You have turned to stone.
You are engulfed in calcifying dust.
The catoblepas breathes a plume of calcifying dust at you.
The blast of calcifying dust hits you but does no damage.
You are engulfed in calcifying dust.
The catoblepas gores you!
* * * LOW HITPOINT WARNING * * *
You are engulfed in calcifying dust.
The catoblepas gores you!
* * * LOW HITPOINT WARNING * * *
You are engulfed in calcifying dust.
The catoblepas gores you!
* * * LOW HITPOINT WARNING * * *
Ilshubani emerges from the mists of memory!
The catoblepas gores you!
* * * LOW HITPOINT WARNING * * *
The catoblepas gores you!
* * * LOW HITPOINT WARNING * * *
The catoblepas gores you.
* * * LOW HITPOINT WARNING * * *
Ilshubani hits the catoblepas with a +0 dagger of draining!
The catoblepas gores you!!
You die...

Skill      XL: |  1  2  3  4  5  6  7  8  9 10 11 |
---------------+----------------------------------+-----
Axes           | 3 4 5 7 8 10 13 15 16 | 16.0
Fighting       | 5 |  5.1
Armour         | 5 |  5.1
Maces & Flails | |  0.2
Shields        | |  4.0

Action                   |  1- 3 |  4- 6 |  7- 9 | 10-12 || total
-------------------------+-------+-------+-------+-------++-------
Melee: War axe           |    71 |   123 |   261 |   221 ||   676
       Executioner's axe |       |       |       |     6 ||     6
Throw: Dart              |       |       |     4 |       ||     4
Invok: Ancestor Life: He |       |       |       |     1 ||     1
 Abil: Dig               |       |       |       |     1 ||     1
  Use: Scroll            |     4 |     7 |     4 |     4 ||    19
       Potion            |       |     1 |     2 |     6 ||     9
 Stab: Distracted        |       |       |       |     7 ||     7
       Confused          |       |       |       |     4 ||     4
Armor: Scale mail        |    26 |    38 |    87 |    47 ||   198
       Plate armour      |       |       |       |    34 ||    34
Dodge: Dodged            |    28 |    92 |   133 |    98 ||   351
Block: Buckler           |    19 |    30 |    64 |    32 ||   145

Levels and vault maps discovered:
D:1:      eino_arrival_water_cross, layout_rooms
D:2:      layout_basic, kennysheep_another_room, uniq_terence
D:3:      layout_loops_cross, mainiacjoe_overflow_concentric_impassable,
          nicolae_ashenzari_skybound, dk_yredelemnul_ordeal,
          nicolae_ecumenical_pavilion
D:4:      layout_basic, mainiacjoe_overflow_six_doors_small,
          minmay_temple_entry_waves, kennysheep_crisscross, minivault_27,
          minmay_distorted, uniq_ijyb, uniq_sigmund
D:5:      layout_loops_ring, fedhas_altar_1, kennysheep_mini,
          cheibriados_altar_2, cheibrodos_sewer_entry_drain, nrook_uturn,
          nicolae_shop_self_help, uniq_grinder, uniq_edmund
D:6:      layout_basic, okawaru_gym_becter, mainiacjoe_overflow_paths,
          uniq_duvessa
D:7:      layout_rooms, kennysheep_mini_moat, nicolae_elyvilon_peaceful_grove,
          mainiacjoe_overflow_alcove_2, marbit_many_paths,
          hellmonk_guarded_unrand_frostbite
D:8:      layout_cave_pools, hangedman_decor_clover_reticule, eino_tiny_chamber,
          nicolae_diode_stairs
D:9:      minmay_the_grid_triangle_9x9_recursive_2
          [minmay_the_grid_triangle_9x9_prize_center,
          minmay_the_grid_triangle_9x9_corrupted_corridor,
          minmay_the_grid_triangle_9x9_negative_grid,
          minmay_the_grid_triangle_9x9_sprig], layout_irregular_city,
          minmay_stone_trees_medium, grunt_ministairs_6, uniq_psyche
Temple:   hellmonk_temple_beads

Notes
Turn   | Place    | Note
-------+----------+-------------------------------------------
     0 | D:1      | ytrimaz the Formicid Fighter began the quest for the Orb.
     0 | D:1      | Reached XP level 1. HP: 18/18 MP: 1/1
     0 | D:1      | magus.rc [v1.9.6]
   142 | D:1      | Reached XP level 2. HP: 24/24 MP: 2/2
   154 | D:1      | You pick up a book of Minor Magic and begin reading...
   154 | D:1      | You add the spells Magic Dart, Call Imp and Mephitic Cloud
                  | to your library.
   238 | D:1      | Reached skill level 3 in Axes
   585 | D:2      | Reached XP level 3. HP: 29/29 MP: 3/3
  1127 | D:2      | Noticed Terence
  1134 | D:2      | Killed Terence
  1135 | D:2      | Reached skill level 4 in Axes
  1135 | D:2      | Reached XP level 4. HP: 29/35 MP: 4/4
  1375 | D:2      | Identified 4 scrolls of acquirement
  1377 | D:2      | Acquired the amulet "Batuneot" {RegenMP rPois Str+2 Dex+4}
  1379 | D:2      | Acquired the ring of Ronuymohe {rF+++ EV+4 Str+4 Dex-4}
  1381 | D:2      | Acquired 834 gold pieces
  1399 | D:3      | Found a faded altar of an unknown god.
  1552 | D:3      | Found a broken altar of Ashenzari.
  1691 | D:3      | a goblin comes into view. It is wielding the +4 dagger
                  | "Morg" {pain, Will+ Int+5}.
  1843 | D:3      | Noticed a human
  1844 | D:3      | Found a runed translucent door.
  1846 | D:3      | Found a basalt altar of Yredelemnul.
  1859 | D:3      | Reached XP level 5. HP: 29/41 MP: 5/5
  1863 | D:3      | Reached skill level 5 in Axes
  1937 | D:3      | Found a shimmering altar of Xom.
  2267 | D:4      | Acquired 1123 gold pieces
  2271 | D:4      | Acquired the +0 pair of boots of the Lion {rC+}
  2298 | D:4      | Found a staircase to the Ecumenical Temple.
  2299 | D:4      | You pick up a book of Displacement and begin reading...
  2299 | D:4      | You add the spells Lesser Beckoning, Gell's Gravitas and
                  | Teleport Other to your library.
  2307 | Temple   | Entered the Ecumenical Temple
  2540 | D:4      | You pick up a book of Air and begin reading...
  2540 | D:4      | You add the spells Shock and Airstrike to your library.
  2550 | D:4      | Noticed Ijyb
  2559 | D:4      | Killed Ijyb
  2560 | D:4      | Reached XP level 6. HP: 47/47 MP: 6/6
  2593 | D:4      | Reached skill level 6 in Axes
  2665 | D:4      | Noticed Sigmund
  2687 | D:4      | Killed Sigmund
  2688 | D:4      | Reached skill level 7 in Axes
  2688 | D:4      | Reached XP level 7. HP: 34/52 MP: 7/7
  2851 | D:4      | Found a hazy altar of Hepliaklqana.
  2868 | D:4      | Became a worshipper of Hepliaklqana the Forgotten
  3246 | D:5      | Entered Level 5 of the Dungeon
  3261 | D:5      | Reached skill level 8 in Axes
  3286 | D:5      | You pick up a book of Weapons and begin reading...
  3286 | D:5      | You add the spells Tukima's Dance, Portal Projectile and
                  | Blade Hands to your library.
  3335 | D:5      | Found Ominou's Self-Improvement Boutique.
  3338 | D:5      | Noticed a troll
  3359 | D:5      | Found a snail-covered altar of Cheibriados.
  3359 | D:5      | Noticed a water moccasin
  3367 | D:5      | Reached XP level 8. HP: 58/58 MP: 8/8
  3441 | D:5      | Identified the +8 trident of Starshine {vorpal, Will+ Str+4
                  | Dex+4}
  3471 | D:5      | Found a sparkling altar of Nemelex Xobeh.
  3639 | D:5      | Found a blossoming altar of Fedhas.
  3752 | D:5      | Reached skill level 9 in Axes
  3780 | D:5      | Noticed Grinder
  3792 | D:5      | Found a glowing drain.
  3805 | D:5      | HP: 14/58 [Grinder/nerve-wracking pain (14)]
  3808 | D:5      | Killed Grinder
  3833 | Sewer    | Entered a sewer
  4017 | Sewer    | Reached skill level 10 in Axes
  4679 | D:5      | Noticed Edmund
  4693 | D:5      | Killed Edmund
  4694 | D:5      | Reached XP level 9. HP: 37/64 MP: 9/9
  4702 | D:5      | Reached skill level 11 in Axes
  4900 | D:6      | Reached * piety under Hepliaklqana
  4938 | D:6      | Reached skill level 12 in Axes
  5086 | D:6      | Found an iron altar of Okawaru.
  5454 | D:6      | Noticed Duvessa
  5454 | D:6      | Noticed Dowan
  5464 | D:6      | Killed Duvessa
  5465 | D:6      | Reached skill level 13 in Axes
  5465 | D:6      | Reached XP level 10. HP: 17/63 MP: 10/10
  5623 | D:6      | Killed Dowan
  5811 | D:6      | Found a glowing silver altar of Zin.
  6178 | D:7      | Reached ** piety under Hepliaklqana
  6188 | D:7      | Remembered your ancestor Ilshubani as a hexer
  6207 | D:7      | Found a white marble altar of Elyvilon.
  6225 | D:7      | Reached skill level 14 in Axes
  6320 | D:7      | Found a radiant altar of Vehumet.
  6361 | D:7      | Found a stormy altar of Qazlal.
  6437 | D:7      | Found an ornate altar of the Wu Jian Council.
  6568 | D:7      | Noticed an ice devil
  6568 | D:7      | Noticed an ice devil
  6573 | D:7      | Noticed a freezing wraith
  6583 | D:7      | Killed an ice devil
  6588 | D:7      | Killed a freezing wraith
  6603 | D:7      | Killed an ice devil
  6710 | D:7      | Found the +8 frozen axe "Frostbite" {freezing cloud, *Noise
                  | Fly rC+}
  6806 | D:8      | Reached skill level 15 in Axes
  7150 | D:8      | You pick up a book of Callings and begin reading...
  7150 | D:8      | You add the spells Summon Small Mammal, Call Canine
                  | Familiar and Summon Guardian Golem to your library.
  7437 | D:8      | Found a transporter.
  7585 | D:8      | Found a transporter.
  7600 | D:8      | Reached XP level 11. HP: 54/67 MP: 11/11
  7620 | D:8      | HP: 14/67 [orc warrior/+3 flail (6)]
  8034 | D:9      | Reached skill level 16 in Axes
  8052 | D:9      | Reached skill level 4 in Fighting
  8052 | D:9      | Reached skill level 4 in Armour
  8155 | D:9      | Reached *** piety under Hepliaklqana
  8384 | D:9      | Reached skill level 5 in Fighting
  8388 | D:9      | Reached skill level 5 in Armour
  8700 | D:9      | Noticed a skeletal warrior
  8700 | D:9      | Noticed a centaur warrior
  8700 | D:9      | Noticed a catoblepas
  8884 | D:8      | HP: 11/71 [catoblepas (7)]
  8887 | D:8      | Mangled by a catoblepas

Vanquished Creatures
  A freezing wraith (D:7)
  2 ice devils (D:7)
  Grinder (D:5)
  Sigmund (D:4)
  A wraith (D:9)
  2 wyverns
  A vampire (D:7)
  2 shadows (D:9)
  10 yaks
  A steam dragon (D:8)
  Edmund (D:5)
  An acid dragon (D:9)
  Duvessa (D:6)
  An orc warrior (D:7)
  2 sky beasts
  An ice beast (D:5)
  An ogre (D:6)
  3 black bears
  2 centaurs
  2 phantoms
  5 kobold brigands
  4 bullfrogs
  2 scorpions
  A wight (D:7)
  2 jellies
  3 killer bees (D:9)
  4 howler monkeys (D:8)
  6 hounds
  A gnoll bouda (D:7)
  5 orc priests
  Ijyb (D:4)
  Terence (D:2)
  An iguana (D:4)
  3 orc wizards
  11 gnolls
  3 adders
  3 river rats (Sewer)
  8 white imps
  A worm (D:3)
  28 orcs
  8 ball pythons
  3 bats
  11 endoplasms
  6 giant cockroaches
  8 goblins
  8 hobgoblins
  5 jackals (D:5)
  24 kobolds
  4 quokkas
  3 frilled lizards
  28 rats
238 creatures vanquished.

Vanquished Creatures (collateral kills)
  A steam dragon (D:9)
  A water moccasin (D:7)
  A black bear (D:7)
  3 orc warriors (D:8)
  A kobold brigand (D:9)
  A bullfrog (D:8)
  Dowan (D:6)
  3 orc wizards
  2 orcs
14 creatures vanquished.

Vanquished Creatures (others)
  4 hexers
  An ancestor (D:6)
5 creatures vanquished.

Grand Total: 257 creatures vanquished

Table legend:
 A = Non-vault XP
 B = Vault XP
 C = Vault XP percentage of total XP
 D = Non-vault monster count
 E = Vault monster count
 F = Vault count percentage of total count
                 A         B        C        D         E       F
            +---------+---------+-------+---------+---------+-------
      Total |    6451 |    4575 |  41.5 |     166 |      86 |  34.1
            +---------+---------+-------+---------+---------+-------
        D:1 |      27 |       0 |   0.0 |      16 |       0 |   0.0
        D:2 |      22 |      36 |  62.1 |      13 |       1 |   7.1
        D:3 |     119 |       0 |   0.0 |      28 |       0 |   0.0
        D:4 |     301 |     269 |  47.2 |      18 |       4 |  18.2
        D:5 |     587 |     433 |  42.5 |      19 |       4 |  17.4
        D:6 |    1525 |     207 |  12.0 |      14 |       2 |  12.5
        D:7 |    1693 |    1176 |  41.0 |      21 |      11 |  34.4
        D:8 |    1202 |       0 |   0.0 |      19 |       0 |   0.0
        D:9 |     975 |    1979 |  67.0 |      18 |      14 |  43.8
      Sewer |       0 |     475 | 100.0 |       0 |      50 | 100.0
            +---------+---------+-------+---------+---------+-------

Illustrated notes

Table legend:
 A = Kills in this place as a percentage of kills in entire the game.
 B = Kills by you in this place as a percentage of kills by you in the entire game.
 C = Kills by friends in this place as a percentage of kills by friends in the entire game.
 D = Other kills in this place as a percentage of other kills in the entire game.
 E = Experience gained in this place as a percentage of experience gained in the entire game.
 F = Experience gained in this place divided by the number of levels of this place that you have seen.
                   A       B       C       D       E      F
               +-------+-------+-------+-------+-------+----------------------
         Total | 100.0 | 100.0 | 100.0 | 100.0 | 100.0 | 1002.4
       Dungeon |  80.2 |  78.9 | 100.0 | 100.0 |  95.7 | 1172.3
         Sewer |  19.8 |  21.1 |   0.0 |   0.0 |   4.3 | 475.0
               +-------+-------+-------+-------+-------+----------------------

Table legend: (Time is in decaauts)
 A = Elapsed time spent in this place.
 B = Non-inter-level travel time spent in this place.
 C = Inter-level travel time spent in this place.
 D = Time resting spent in this place.
 E = Time spent auto-exploring this place.
 F = Levels seen in this place.
 G = Mean time per level.
                   A        B        C        D        E       F      G
               +--------+--------+--------+--------+--------+-----+--------+
         Total |   8941 |   8718 |    223 |    729 |   6055 |  11 |  812.8 |
       Dungeon |   8111 |   7898 |    213 |    729 |   5439 |   9 |  901.2 |
        Temple |    112 |    102 |     10 |      0 |     95 |   1 |  112.0 |
         Sewer |    716 |    716 |      0 |      0 |    521 |   1 |  716.0 |
               +--------+--------+--------+--------+--------+-----+--------+

Top non-repeatable levels by time:
     D:8: 1181 daAuts
     D:5: 1088 daAuts
     D:4: 981 daAuts
     D:7: 975 daAuts
     D:2: 965 daAuts
     D:6: 918 daAuts
     D:3: 790 daAuts
     D:9: 752 daAuts
   Sewer: 716 daAuts
     D:1: 458 daAuts
  Temple: 112 daAuts
